 Dungeon Crawl Stone Soup version 0.30-a0-1043-g60ff8d5f49 (webtiles) character file.

Game seed: 16103434703418834394

2788 Pimp the Magician (level 9, -2/52 HPs)
             Began as a Deep Elf Fire Elementalist on Apr 10, 2023.
             Was a Believer of Vehumet.
             Slain by a gnoll bouda
             ... wielding a +4 halberd
              (5 damage)
             ... in a bailey.
             The game lasted 00:36:02 (8617 turns).

Pimp the Magician (Deep Elf Fire Elementalist)      Turns: 8617, Time: 00:36:02

Health: -2/52      AC:  5    Str:  5    XL:     9   Next: 43%
Magic:  21/21      EV: 14    Int: 26    God:    Vehumet [**....]
Gold:   514        SH:  0    Dex: 20    Spells: 10/22 levels left

rFire   + . .      SeeInvis .    d - +2 short sword (venom)
rCold   + . .      Faith    .    (no shield)
rNeg    . . .      Spirit   .    y - +0 leather armour
rPois   .          Reflect  .    (no helmet)
rElec   .          Rampage  .    (no cloak)
rCorr   .          Clarity  +    (no gloves)
Will    .....                    (no boots)
Stlth   ++++                     (no amulet)
HPRegen 0.28/turn                m - ring of protection from cold
MPRegen 0.17/turn                f - ring "Washriegh" {rF+ Int+3 Dex+3 Slay+4 Stlth+}

@: weakened
A: iridescent scales 1, clarity
a: Renounce Religion


You were in a bailey.
You worshipped Vehumet.
Vehumet was pleased with you.
You visited 2 branches of the dungeon, and saw 9 of its levels.
You also visited: Sewer and Bailey.

You collected 514 gold pieces.

Inventory:

Hand Weapons
 d - a +2 short sword of venom (weapon)
Missiles
 p - a throwing net
Armour
 a - a +0 robe
 y - a +0 leather armour (worn)
Magical Staves
 r - a staff of earth
Jewellery
 f - the ring "Washriegh" (right hand) {rF+ Int+3 Dex+3 Slay+4 Stlth+}
   (You found it on level 3 of the Dungeon)

   [ring of slaying]

   Int:       It affects your intelligence (+3).
   Dex:       It affects your dexterity (+3).
   Slay:      It affects your accuracy & damage with ranged weapons and melee
   (+4).
   rF:        It protects you from fire.
   Stlth:     It makes you more stealthy.
 g - a ring of see invisible
 m - a ring of protection from cold (left hand)
Wands
 n - a wand of digging (5)
 v - a wand of polymorph (7)
Scrolls
 c - a scroll of fear
 h - a scroll of magic mapping
 l - 6 scrolls of identify
 u - a scroll of blinking
 x - a scroll of fog
Potions
 e - 4 potions of might
 j - 2 potions of mutation
 k - a potion of resistance
 w - a potion of flight
 z - a potion of attraction {unknown}


   Skills:
 + Level 3.7 Fighting
 + Level 4.5 Short Blades
 * Level 2.0 Armour
 + Level 6.1 Dodging
 + Level 6.5 Stealth
 + Level 7.0 Spellcasting
 + Level 5.3 Conjurations
 + Level 6.2 Fire Magic


You had 10 spell levels left.
You knew the following spells:

 Your Spells              Type           Power      Damage    Failure   Level
a - Foxfire               Conj/Fire      100%       2x1d9     1%          1
b - Scorch                Fire           82%        2d8       1%          2
c - Flame Wave            Conj/Fire      39%        2d11      10%         4
d - Volatile Blastmotes   Fire/Tloc      50%        2d14      9%          3
e - Blink                 Tloc           18%        N/A       16%         2

Your spell library contained the following spells:

 Spells                   Type           Power      Damage    Failure   Level
 Static Discharge         Conj/Air       46%        2-4/arc   4%          2
 Magic Dart               Conj           100%       1d8       1%          1
 Searing Ray              Conj           72%        2d7       1%          2
 Momentum Strike          Conj/Tloc      46%        3d9       4%          2
 Inner Flame              Hex/Fire       25%        N/A       9%          3
 Apportation              Tloc           18%        N/A       10%         1
 Necrotise                Necr           36%        1d5       10%         1
 Summon Small Mammal      Summ           36%        N/A       10%         1
 Mephitic Cloud           Conj/Pois/Air  18%        N/A       14%         3
 Lesser Beckoning         Tloc           18%        N/A       16%         2
 Poisonous Vapours        Pois/Air       18%        N/A       16%         2
 Summon Guardian Golem    Hex/Summ       9%         N/A       30%         3
 Fulminant Prism          Conj/Hex       11%        3d8       32%         4
 Freezing Cloud           Conj/Ice/Air   9%         6-21      80%         5
 Orb of Destruction       Conj           18%        9d8       100%        7
 Spellforged Servitor     Conj/Summ      11%        N/A       100%        7


Dungeon Overview and Level Annotations

Branches:
Dungeon (8/15)             Temple (1/1) D:4           Sewer (visited)
 Bailey (1/1)
   Lair: D:8-11

Altars:
Ashenzari
Cheibriados
Dithmenos
Fedhas
Gozag
Kikubaaqudgha
Nemelex Xobeh
Okawaru
Qazlal
Ru
Sif Muna
Trog
Uskayaw
Vehumet
Wu Jian
The Shining One


Innate Abilities, Weirdness & Mutations

You are partially covered in iridescent scales. (AC +2)
You possess an exceptional clarity of mind.


Message History

Vehumet accepts your kill.
There is a gate leading back out of this place, spattered with blood here.
You start resting.
A gnoll bouda is nearby!
As you read the scroll of teleportation, it crumbles to dust.
You feel strangely unstable.
A wolf comes into view.
You see here a wolf corpse.
There is a gate leading back out of this place, spattered with blood here.
There are monsters nearby!
You see here a wolf corpse.
Your surroundings seem slightly different.
The gnoll bouda hits you from afar with a +0 trident.
A gnoll bouda is nearby!
A gnoll bouda is nearby!
The gnoll bouda gazes fiercely through you!
You feel your attacks grow feeble.
Your attacks no longer feel as feeble.
The gnoll bouda gazes fiercely through you!
You feel your attacks grow feeble.
The gnoll bouda gazes fiercely through you!
You feel as though you will be weak longer.
Your attacks no longer feel as feeble.
The gnoll bouda gazes fiercely through you!
You feel your attacks grow feeble.
You hear a shout!
A gnoll bouda comes into view. It is wielding a +4 halberd.
The gnoll bouda gazes fiercely through you!
You feel as though you will be weak longer.
The gnoll bouda barks out a call to the hunt!
The gnoll bouda picks up the pace!
The gnoll bouda hits you from afar with a +4 halberd!
The gnoll bouda barks out a call to the hunt!
The gnoll bouda picks up the pace!
The gnoll bouda hits you from afar with a +4 halberd!
* * * LOW HITPOINT WARNING * * *
The gnoll bouda hits you from afar with a +4 halberd!
* * * LOW HITPOINT WARNING * * *
The gnoll bouda hits you from afar with a +4 halberd.
You die...

♣♣.).♣♣♣♣
♣♣♣♣..)....♣♣
♣♣♣.....).....♣♣♣
♣♣g..............♣
♣♣≈≈≈≈≈≈≈...≈≈≈≈≈≈≈
♣≈≈.......).......≈
♣≈.g...............
♣≈.######')(######.
♣≈@# #())# ♣≈##
#...# ♣≈ #...# ♣≈
##'## ♣≈ #.).# ♣≈
#.....# ♣≈
#.......# ♣≈
#..$8$..# #.......#


You could see 2 gnoll boudas.

Vanquished Creatures
  Pargi (Sewer)
  3 ice beasts
  A sky beast (D:6)
  A black bear (D:6)
  A centaur (D:6)
  4 wolves (Bailey)
  An ogre (D:5)
  A phantom (D:5)
  3 bullfrogs
  3 scorpions
  3 gnoll sergeants (Bailey)
  3 howler monkeys
  4 gnoll boudas (Bailey)
  3 hounds
  A jelly (D:7)
  4 sleepcaps
  4 orc priests
  3 iguanas
  5 orc wizards
  12 gnolls
  3 river rats (D:3)
  8 adders
  A shadow imp (D:6)
  3 ufetubi (D:5)
  2 worms
  4 dart slugs
  21 orcs
  6 ball pythons
  3 endoplasms
  3 giant cockroaches
  7 hobgoblins
  4 jackals (D:4)
  4 quokkas
  4 bats
  4 frilled lizards
  A goblin (D:3)
  6 kobolds
  6 rats
151 creatures vanquished.

Vanquished Creatures (others)
  225 foxfires
225 creatures vanquished.

Grand Total: 376 creatures vanquished

Notes
Turn   | Place    | Note
-------+----------+-------------------------------------------
     0 | D:1      | Pimp the Deep Elf Fire Elementalist began the quest for the
                  | Orb.
     0 | D:1      | Reached XP level 1. HP: 10/10 MP: 6/6
   337 | D:1      | Reached XP level 2. HP: 15/15 MP: 5/8
   915 | D:2      | Learned a level 2 spell: Scorch
  1201 | D:2      | Found a faded altar of an unknown god.
  1329 | D:2      | Reached XP level 3. HP: 17/20 MP: 2/9
  1331 | D:2      | Reached skill level 1 in Short Blades
  1984 | D:3      | Found a glowing drain.
  2016 | D:3      | Reached XP level 4. HP: 13/24 MP: 6/11
  2118 | Sewer    | Entered a sewer
  2138 | Sewer    | Noticed Pargi
  2161 | Sewer    | Killed Pargi
  2162 | Sewer    | Reached skill level 1 in Fighting
  2162 | Sewer    | Reached XP level 5. HP: 6/29 MP: 0/12
  2974 | D:3      | Reached skill level 4 in Spellcasting
  3638 | D:3      | Identified the ring "Washriegh" {rF+ Int+3 Dex+3 Slay+4
                  | Stlth+}
  3647 | D:3      | Gained mutation: You are clumsy. (Dex -2) [potion of
                  | mutation]
  3647 | D:3      | Gained mutation: You are partially covered in iridescent
                  | scales. (AC +2) [potion of mutation]
  3647 | D:3      | Gained mutation: You possess an exceptional clarity of
                  | mind. [potion of mutation]
  3647 | D:3      | Lost mutation: You are clumsy. (Dex -2) [potion of
                  | mutation]
  3836 | D:4      | Reached XP level 6. HP: 33/34 MP: 11/14
  4315 | D:4      | Found a staircase to the Ecumenical Temple.
  4322 | Temple   | Entered the Ecumenical Temple
  4657 | D:4      | Found a blossoming altar of Fedhas.
  4848 | D:5      | Entered Level 5 of the Dungeon
  5123 | D:5      | Reached XP level 7. HP: 40/40 MP: 10/15
  5518 | D:5      | Found a radiant altar of Vehumet.
  5524 | D:5      | Became a worshipper of Vehumet
  5626 | D:5      | Reached skill level 5 in Spellcasting
  5923 | D:5      | Learned a level 4 spell: Flame Wave
  6327 | D:6      | Reached skill level 5 in Stealth
  6327 | D:6      | Reached skill level 5 in Fire Magic
  6327 | D:6      | Reached XP level 8. HP: 44/45 MP: 16/18
  6534 | D:6      | Found a glowing golden altar of the Shining One.
  6782 | D:6      | Reached skill level 5 in Dodging
  6807 | D:6      | Reached * piety under Vehumet
  6807 | D:6      | Offered knowledge of Freeze by Vehumet.
  7090 | D:6      | Learned a level 3 spell: Volatile Blastmotes
  7093 | D:6      | Learned a level 2 spell: Blink
  7208 | D:7      | Reached skill level 6 in Spellcasting
  7963 | D:8      | Found a stormy altar of Qazlal.
  7980 | D:8      | Reached XP level 9. HP: 49/51 MP: 15/20
  7998 | D:8      | Found a flagged portal.
  8039 | Bailey   | Entered a bailey
  8048 | Bailey   | Reached skill level 5 in Conjurations
  8265 | Bailey   | Reached skill level 1 in Armour
  8449 | Bailey   | Reached ** piety under Vehumet
  8449 | Bailey   | Offered knowledge of Static Discharge by Vehumet.
  8505 | Bailey   | Reached skill level 7 in Spellcasting
  8617 | Bailey   | Slain by a gnoll bouda

Illustrated notes

Levels and vault maps discovered:
D:1:      eino_arrival_cavern_d, layout_basic
D:2:      layout_basic, hellmonk_ecumenical_altar_run_dry, minmay_pentomino_x4
D:3:      layout_basic, portal_sewer_entry_c, serial_co_window_serial,
          co_window_of_opportunity_a, co_window_paths_b, co_window_paths_a,
          co_window_corner_a, co_window_paths_b, co_window_broadway_c,
          co_window_corner_b, co_window_of_opportunity_c, co_window_paths_c,
          co_window_corner_ca, co_window_corner_cb, co_window_4corner_b,
          co_window_4corner_a, minmay_joined_circles
D:4:      layout_cave_pods, fedhas_altar_4, minmay_temple_entry_nine_rooms
D:5:      layout_gridville, nicolae_vehumet_altar_sigil, minivault_11,
          amcnicky_mini_corridor_feature
D:6:      layout_loops_ring, lemuel_doored_altar, corexii_checkpoint_b
D:7:      layout_loops_ring, kennysheep_flooded_box
D:8:      layout_layer_cave, nicolae_yredelemnul_corpse_copse,
          lemuel_tele_altar, worldfamousw_hep_ancestral_shrine, enter_bailey_6
Temple:   nicolae_temple_ecumenical_triangle
Bailey:   bailey_polearm_gnolls_kennysheep, bailey

Skill      XL: |  1  2  3  4  5  6  7  8  9 |
---------------+----------------------------+-----
Short Blades   | 1 2 3 4 |  4.5
Conjurations   | 2 3 4 5 |  5.3
Stealth        | 3 4 5 6 |  6.5
Dodging        | 3 4 5 6 |  6.1
Fighting       | 1 2 3 |  3.7
Spellcasting   | 4 5 6 7 |  7.0
Fire Magic     | 4 5 6 |  6.2
Armour         | 2 |  2.0

Action                     |  1- 3 |  4- 6 |  7- 9 || total
---------------------------+-------+-------+-------++-------
  Melee: Short sword       |       |    13 |    81 ||    94
         Punch             |       |       |     3 ||     3
   Cast: Foxfire           |    54 |    72 |    22 ||   148
         Scorch            |     9 |    30 |    98 ||   137
         Volatile Blastmot |       |       |     2 ||     2
         Flame Wave        |       |       |     1 ||     1
    Use: Scroll            |     6 |     9 |     7 ||    22
         Potion            |     1 |     4 |     7 ||    12
   Stab: Sleeping          |       |     1 |    10 ||    11
         Distracted        |       |       |     1 ||     1
 Armour: Robe              |     4 |     5 |    11 ||    20
         Leather armour    |       |       |     8 ||     8
  Dodge: Dodged            |    12 |    41 |   117 ||   170

Table legend: (Time is in decaauts)
 A = Elapsed time spent in this place.
 B = Non-inter-level travel time spent in this place.
 C = Inter-level travel time spent in this place.
 D = Time resting spent in this place.
 E = Time spent auto-exploring this place.
 F = Levels seen in this place.
 G = Mean time per level.
                   A        B        C        D        E       F      G
               +--------+--------+--------+--------+--------+-----+--------+
         Total |   8608 |   8261 |    347 |   1715 |   4648 |  11 |  782.5 |
       Dungeon |   7796 |   7449 |    347 |   1307 |   4604 |   8 |  974.5 |
        Temple |     30 |     30 |      0 |      0 |      0 |   1 |   30.0 |
         Sewer |    199 |    199 |      0 |     96 |     44 |   1 |  199.0 |
        Bailey |    581 |    581 |      0 |    312 |      0 |   1 |  581.0 |
               +--------+--------+--------+--------+--------+-----+--------+

Top non-repeatable levels by time:
     D:3: 1740 daAuts
     D:5: 1469 daAuts
     D:4: 1058 daAuts
     D:2: 915 daAuts
     D:1: 901 daAuts
     D:7: 809 daAuts
     D:6: 801 daAuts
  Bailey: 581 daAuts
   Sewer: 199 daAuts
     D:8: 98 daAuts
  Temple: 30 daAuts
